 Dungeon Sprint DCSS version 0.20.1-1-g8b1a95d (console) character file.

51338 hilaritas the Slayer (level 14, -5/160 HPs)
             Began as a Minotaur Fighter on Mar 18, 2018.
             Was the Champion of the Shining One.
             Killed from afar by a deep elf sorcerer (19 damage)
             ... with damnation
             ... in the Dungeon (Sprint V: "Ziggurat Sprint").
             The game lasted 00:19:40 (2275 turns).

hilaritas the Slayer (Minotaur Fighter)             Turns: 2275, Time: 00:19:40

Health: -5/160     AC: 38    Str: 30    XL:     14   Next: 23%
Magic:  20/21      EV:  6    Int:  7    God:    the Shining One [******]
Gold:   0          SH: 47    Dex:  8    Spells: 5/13 levels left

rFire    + . .     SeeInvis +   n - +10 lance {slay drac, rPois rF+ rC+ AC+3}
rCold    + . .     Gourm    .   o - +18 shield of the Gong {rElec rN+ MR+ EV-5}
rNeg     + + +     Faith    .   N - +9 crystal plate armour
rPois    +         Spirit   .   A - +3 crown of Dyrovepreva {rElec Int+2 SInv}
rElec    +         Reflect  +   (no cloak)
rCorr    .         Harm     .   (no gloves)
MR       ++...     NoTele   +   (no boots)
Stlth    ..........             P - +3 amulet of reflection
Regen    0.4/turn               s - +6 ring of strength
MPRegen  0.2/turn               t - +6 ring of strength

@: divine shield, corroded, glowing
A: retaliatory headbutt, horns 2, clumsy 2, dopey 1, low mp 1, screaming 1, weak
2, no potion heal 1, MP-powered wands
a: Divine Shield, Cleansing Flame, Summon Divine Warrior, Renounce Religion


You were in the Dungeon.
You worshipped the Shining One.
The Shining One was exalted by your worship.
You were not hungry.

You visited 1 branch

Inventory:

Hand Weapons
 n - the +10 lance "Wyrmbane" (weapon) {slay drac, rPois rF+ rC+ AC+3}
   (You found it in the Dungeon)

   It affects your AC (+3).
   It protects you from fire.
   It protects you from cold.
   It protects you from poison.
 L - a +7 trishula of holy wrath
Armour
 o - the +18 shield of the Gong (worn) {rElec rN+ MR+ EV-5}
   (You found it in the Dungeon)

   It affects your evasion (-5).
   It insulates you from electricity.
   It protects you from negative energy.
   It affects your resistance to hostile enchantments.
 A - the +3 crown of Dyrovepreva (worn) {rElec Int+2 SInv}
   (You found it in the Dungeon)

   It affects your intelligence (+2).
   It insulates you from electricity.
   It lets you see invisible.
 N - a +9 crystal plate armour (worn)
Jewellery
 b - the macabre finger necklace {rN+}
   (You found it in the Dungeon)

   [amulet of nothing]

   It protects you from negative energy.
 c - a +6 ring of dexterity
 p - a +6 ring of dexterity
 q - a +6 ring of intelligence
 r - a +6 ring of intelligence
 s - a +6 ring of strength (left hand)
 t - a +6 ring of strength (right hand)
 u - an uncursed ring of flight
 O - the ring "Feuwoahu" {Ice +Blink Str+3 Int-3 Dex+2}
   (You found it in the Dungeon)

   [ring of ice]

   It enhances your ice magic.
   It affects your strength (+3).
   It affects your intelligence (-3).
   It affects your dexterity (+2).
   It makes you vulnerable to fire.
   It protects you from cold.
   It lets you blink.
 P - a +3 amulet of reflection (around neck)
 Q - the ring "Mogut" {rPois rF+ rN+ Str+2}
   (You found it in the Dungeon)

   [ring of protection from fire]

   It affects your strength (+2).
   It protects you from fire.
   It protects you from poison.
   It protects you from negative energy.
 S - an uncursed ring of wizardry
Wands
 v - a wand of disintegration (7/24)
 w - a wand of iceblast (5/15)
 x - a wand of lightning (5/15)
 y - a wand of acid (5/15)
Scrolls
 k - 4 scrolls of blinking
 E - 4 scrolls of amnesia
 F - 4 scrolls of recharging
 G - 7 scrolls of fog
 H - a scroll of holy word
 I - 5 scrolls of identify
 J - 5 scrolls of remove curse
 K - 2 scrolls of fear
Potions
 d - 8 potions of might
 e - a potion of curing
 g - a potion of heal wounds
 h - 6 potions of haste
 i - 4 potions of magic
 j - 3 potions of berserk rage
 z - 2 potions of brilliance
 B - 4 potions of resistance
 D - 5 potions of agility
Books
 R - a book of Callings

   Spells                             Type                      Level
   a - Summon Small Mammal            Summoning                    1
   b - Call Imp                       Summoning                    2
   c - Call Canine Familiar           Summoning                    3
   d - Summon Guardian Golem          Hexes/Summoning              3
   e - Summon Lightning Spire         Summoning/Air                4
   f - Summon Ice Beast               Ice/Summoning                4
Miscellaneous
 a - a lightning rod (4/4)
 C - 2 phantom mirrors
 M - a sack of spiders
 T - a fan of gales
 U - a phial of floods
Comestibles
 f - 5 bread rations
 l - 33 fruits
 m - 4 meat rations


   Skills:
 + Level 24.9 Fighting
 - Level 17.8 Polearms
 + Level 21.5 Armour
 - Level 10.1 Dodging
 - Level 15.1 Shields
 - Level 15.1 Invocations


You had 5 spell levels left.
You knew the following spells:

 Your Spells              Type           Power        Failure   Level  Hunger
a - Swiftness             Chrm/Air       #.......     99%         2    ###....
b - Deflect Missiles      Chrm/Air       #.........   100%        6    #######


Dungeon Overview and Level Annotations

Branches:
Dungeon (1/1)

Altars:
Ashenzari
Cheibriados
Dithmenos
Elyvilon
Fedhas
Gozag
Hepliaklqana
Kikubaaqudgha
Makhleb
Nemelex Xobeh
Okawaru
Qazlal
Ru
Sif Muna
Trog
Uskayaw
Vehumet
Xom
Yredelemnul
Zin
The Shining One
Beogh
Jiyva
Lugonu


Innate Abilities, Weirdness & Mutations

You reflexively headbutt those who attack you in melee.
You have a pair of horns on your head.
You are very clumsy. (Dex -4)
You are dopey. (Int -2)
Your magical capacity is low. (-10% MP)
You occasionally shout uncontrollably at your foes.
You are very weak. (Str -4)
Potions are less effective at restoring your health.
You expend magic power (3 MP) to strengthen your wands.


Message History

The bolt of acid hits you! The acid corrodes you!
You are splashed with acid!
The acid burns!
Unknown command.
You barely miss the flail of holy wrath.
Your headbutt misses the flail of holy wrath.
The flail of holy wrath is heavily damaged.
Your angel hits the flail of holy wrath with a whip of holy wrath!
The flail of holy wrath falls from the air.
Something hits your angel but does no damage.
Unknown command.
The deep elf sorcerer casts a spell at you.
The sphere of damnation explodes!
The damnation engulfs you!
* * * LOW HITPOINT WARNING * * *
The damnation engulfs your angel.
Unknown command.
Your system partially rejects the healing.
You feel much better.
The deep elf sorcerer gestures at you while chanting.
The sphere of damnation explodes!
The damnation engulfs you!
You die...

▓.8©8 ▓.}"|
▓..:)))[)[..▓▓..:.
▓...........▓▓....
▓.....e.....▓▓)...
▓.....e..... ▓)(..
▓.e........ ▓(((.
▓.e▓eee..▓ ▓▓▓▓▓▓
▓e▓▓▓e..▓▓ ▓..8©8
▓.A▓eee..▓..▓..)[)
▓@).........▓...).
▓▓▓▓▓▓▓▓▓▓▓▓▓..)|)
▓....8©8....▓..)..
▓....)?):[..▓.▓...
▓...)?))|:..▓.....
▓...........▓▓▓▓▓▓
▓...........▓...8©
▓.....).....▓...|)
▓....[......▓...".
▓..▓.....▓..▓.....
▓.▓▓▓)..▓▓▓.▓.....


You could see a deep elf master archer, 3 deep elf sorcerers, 2 deep elf knights
and a friendly angel.

Vanquished Creatures
  A greater mummy (D)
  3 pandemonium lords (D)
  A Hell Sentinel (D)
  A deep elf blademaster (D)
  An Executioner (D)
  A cacodemon (D)
  A warmonger (D)
  A very ugly thing (D)
  A black sun (D)
  A black draconian (D)
  A purple draconian (D)
  3 mummy priests (D)
  A monstrous demonspawn (D)
  A shock serpent (shapeshifter) (D)
  A deep elf knight (D)
  A soul eater (D)
  A lindwurm (shapeshifter) (D)
  A mana viper (shapeshifter) (D)
  A shining eye (shapeshifter) (D)
  3 ugly things (D)
  A wolf spider (D)
  A cyclops (D)
  6 draconians (D)
  A shining eye (D)
  A black mamba (shapeshifter) (D)
  A torpor snail (shapeshifter) (D)
  An eye of devastation (shapeshifter) (D)
  An orange demon (D)
  A yaktaur (D)
  A rime drake (D)
  3 guardian mummies (D)
  An air elemental (D)
  A tarantella (shapeshifter) (D)
  A yak (D)
  2 flying skulls (D)
  A redback (shapeshifter) (D)
  A large abomination (D)
  A golden eye (shapeshifter) (D)
  A chaos spawn (D)
  3 neqoxecs (D)
  4 insubstantial wisps (D)
  A swamp worm (shapeshifter) (D)
  An acid dragon (shapeshifter) (D)
  A soldier ant (shapeshifter) (D)
  2 porcupines (D)
  An ice beast (shapeshifter) (D)
  A wolf (D)
  A bullfrog (D)
  A crimson imp (D)
  A quasit (D)
  An orc priest (D)
  2 iguanas (D)
  An orc wizard (D)
  5 mummies (D)
  A shadow imp (D)
  3 ufetubi (D)
  2 adder skeletons (D)
  2 orcs (D)
  4 jackals (D)
  A quokka zombie (D)
92 creatures vanquished.

Vanquished Creatures (collateral kills)
  A pandemonium lord (D)
  A very ugly thing (D)
  A mummy priest (D)
  A death scarab (D)
  2 dancing weapons (D)
  A cyclops (shapeshifter) (D)
  A guardian mummy (D)
  A neqoxec (D)
  An adder zombie (D)
10 creatures vanquished.

Vanquished Creatures (others)
  Urug (D)
  A rust devil (D)
  Prince Ribbit (D)
  Purgy (D)
  Blork the orc (D)
5 creatures vanquished.

Grand Total: 107 creatures vanquished

Notes
Turn   | Place    | Note
-------+----------+-------------------------------------------
     0 | D        | hilaritas the Minotaur Fighter began the quest for the Orb.
     0 | D        | Reached XP level 1. HP: 19/19 MP: 0/0
     0 | D        | Found a blossoming altar of Fedhas.
     1 | D        | Found a transporter.
     1 | D        | Found a viscous altar of Jiyva.
     1 | D        | Found an ancient bone altar of Kikubaaqudgha.
     1 | D        | Found a hazy altar of Hepliaklqana.
     1 | D        | Found a corrupted altar of Lugonu.
     1 | D        | Found an opulent altar of Gozag.
     1 | D        | Found a burning altar of Makhleb.
     2 | D        | Found a sacrificial altar of Ru.
     2 | D        | Found a stormy altar of Qazlal.
     2 | D        | Found a deep blue altar of Sif Muna.
     2 | D        | Found an iron altar of Okawaru.
     2 | D        | Found a bloodstained altar of Trog.
     2 | D        | Found a sparkling altar of Nemelex Xobeh.
    81 | D        | Became a worshipper of the Shining One
    87 | D        | Reached XP level 2. HP: 26/26 MP: 1/1
    97 | D        | Entered arena 2.
    97 | D        | Reached * piety under the Shining One
    97 | D        | Found a transporter.
   101 | D        | Reached skill level 4 in Fighting
   101 | D        | Reached skill level 1 in Invocations
   112 | D        | Entered arena 3.
   112 | D        | Noticed a green ugly thing
   112 | D        | Reached ** piety under the Shining One
   112 | D        | Noticed a basilisk
   112 | D        | Noticed a basilisk
   112 | D        | Found a transporter.
   115 | D        | Noticed a golden eye
   115 | D        | a basilisk changed into a golden eye
   124 | D        | Noticed a crocodile
   124 | D        | a basilisk changed into a crocodile
   131 | D        | Noticed a swamp drake
   131 | D        | a crocodile changed into a swamp drake
   133 | D        | Noticed a boggart
   133 | D        | a swamp drake changed into a boggart
   141 | D        | Noticed an ice beast
   141 | D        | a boggart changed into an ice beast
   145 | D        | Killed a golden eye
   145 | D        | Reached skill level 5 in Fighting
   145 | D        | Reached skill level 5 in Polearms
   145 | D        | Reached XP level 3. HP: 16/36 MP: 1/4
   145 | D        | Reached XP level 4. HP: 19/42 MP: 1/5
   149 | D        | Killed a green ugly thing
   149 | D        | Reached skill level 8 in Fighting
   149 | D        | Reached XP level 5. HP: 22/53 MP: 1/8
   149 | D        | Reached XP level 6. HP: 25/61 MP: 1/9
   150 | D        | Killed an ice beast
   150 | D        | Reached XP level 7. HP: 29/69 MP: 1/10
   429 | D        | Entered arena 4.
   429 | D        | Noticed a cyclops
   429 | D        | Noticed a deep elf knight
   429 | D        | Noticed a wolf spider
   429 | D        | Reached *** piety under the Shining One
   429 | D        | Noticed a yaktaur
   429 | D        | Found a transporter.
   435 | D        | Killed a wolf spider
   435 | D        | Reached skill level 9 in Fighting
   435 | D        | Reached skill level 10 in Polearms
   447 | D        | Killed a deep elf knight
   447 | D        | Reached skill level 10 in Fighting
   447 | D        | Reached XP level 8. HP: 79/79 MP: 8/13
   452 | D        | Killed a cyclops
   455 | D        | Killed a yaktaur
   455 | D        | Reached XP level 9. HP: 85/85 MP: 9/14
   493 | D        | Entered arena 5.
   493 | D        | Found a transporter.
   526 | D        | Entered arena 6.
   526 | D        | Reached **** piety under the Shining One
   526 | D        | Found a transporter.
   550 | D        | Reached skill level 15 in Shields
   551 | D        | Reached skill level 1 in Dodging
   551 | D        | Reached skill level 10 in Invocations
   562 | D        | Identified the Collected Works on Earthen Protection (You found it in the Dungeon)
   565 | D        | Learned a level 2 spell: Swiftness
   565 | D        | Identified the Collected Works on Earthen Protection (You found it in the Dungeon)
   572 | D        | Learned a level 6 spell: Deflect Missiles
   586 | D        | Entered arena 7.
   586 | D        | Reached ***** piety under the Shining One
   600 | D        | Found a transporter.
   617 | D        | Identified the Disquisition on Dark Rituals and Confrontation (You found it in the Dungeon)
   620 | D        | Entered arena 8.
   620 | D        | Noticed a rime drake
   636 | D        | Killed a rime drake
   636 | D        | Reached skill level 10 in Armour
   636 | D        | Reached skill level 5 in Dodging
   643 | D        | Found a transporter.
   660 | D        | Entered arena 9.
   660 | D        | Noticed a soul eater
   660 | D        | Noticed a rust devil
   660 | D        | Reached ****** piety under the Shining One
   660 | D        | Noticed Yfyddyew the pandemonium lord
   663 | D        | Found a transporter.
   668 | D        | Noticed a shining eye
   669 | D        | Identified a +7 trishula of holy wrath (a +5 demon trident blessed by the Shining One)
   669 | D        | Received a gift from the Shining One
   669 | D        | Killed a rust devil
   671 | D        | Noticed a shining eye
   672 | D        | Gained mutation: You expend magic power (3 MP) to strengthen your wands. [a shining eye]
   674 | D        | Gained mutation: You are weak. (Str -2) [a shining eye]
   674 | D        | Gained mutation: Potions are less effective at restoring your health. [a shining eye]
   676 | D        | Noticed a shining eye
   680 | D        | Killed a soul eater
   680 | D        | Reached XP level 10. HP: 93/93 MP: 7/17
   684 | D        | Gained mutation: You occasionally shout uncontrollably at your foes. [a shining eye]
   685 | D        | Gained mutation: You are clumsy. (Dex -2) [a shining eye]
   690 | D        | Gained mutation: You are dopey. (Int -2) [a shining eye]
   694 | D        | Gained mutation: Your magical capacity is low. (-10% MP) [a shining eye]
   695 | D        | Lost mutation: You occasionally shout uncontrollably at your foes. [a shining eye]
   698 | D        | Gained mutation: You are very clumsy. (Dex -4) [a shining eye]
   706 | D        | Gained mutation: You occasionally shout uncontrollably at your foes. [a shining eye]
   708 | D        | HP: 9/93 [Yfyddyew the pandemonium lord (25)]
   712 | D        | Gained mutation: You are very weak. (Str -4) [a shining eye]
   714 | D        | Killed Yfyddyew the pandemonium lord
   714 | D        | Reached skill level 10 in Dodging
   714 | D        | Reached skill level 15 in Invocations
   725 | D        | Got the ring "Feuwoahu" {Ice +Blink Str+3 Int-3 Dex+2}
   854 | D        | Entered arena 10.
   854 | D        | Noticed a draconian
   854 | D        | Noticed a draconian
   854 | D        | Noticed a draconian
   854 | D        | Noticed a black draconian
   854 | D        | Noticed a draconian
   854 | D        | Noticed a draconian
   854 | D        | Noticed a purple draconian
   854 | D        | Noticed a draconian
   876 | D        | Killed a purple draconian
   876 | D        | Reached skill level 11 in Fighting
   876 | D        | Reached XP level 11. HP: 79/102 MP: 17/19
   888 | D        | Reached skill level 12 in Fighting
   907 | D        | Killed a black draconian
   907 | D        | Reached skill level 13 in Fighting
   912 | D        | Reached skill level 14 in Fighting
   928 | D        | Found a transporter.
  1026 | D        | Entered arena 11.
  1026 | D        | Noticed a mummy priest
  1026 | D        | Noticed a greater mummy
  1027 | D        | Found a transporter.
  1033 | D        | Killed Purgy
  1037 | D        | Noticed a sixfirhy
  1037 | D        | Killed a mummy priest
  1048 | D        | Killed a greater mummy
  1048 | D        | Reached XP level 12. HP: 35/118 MP: 15/20
  1058 | D        | Got the ring "Mogut" {rPois rF+ rN+ Str+2}
  1386 | D        | Entered arena 12.
  1387 | D        | Noticed a green very ugly thing
  1388 | D        | Noticed a two-headed ogre
  1388 | D        | a shining eye changed into a two-headed ogre
  1398 | D        | Reached skill level 15 in Fighting
  1403 | D        | Killed a green very ugly thing
  1416 | D        | Reached skill level 16 in Fighting
  1437 | D        | Reached skill level 17 in Fighting
  1452 | D        | Found a transporter.
  1516 | D        | Entered arena 13.
  1519 | D        | Noticed a red very ugly thing
  1519 | D        | Noticed a two-headed ogre
  1519 | D        | a sea snake changed into a two-headed ogre
  1521 | D        | a two-headed ogre changed into a glowing shapeshifter
  1531 | D        | Noticed an anaconda
  1531 | D        | a water nymph changed into an anaconda
  1536 | D        | Killed a red very ugly thing
  1536 | D        | Reached skill level 18 in Fighting
  1551 | D        | Found a transporter.
  1631 | D        | Entered arena 14.
  1632 | D        | Noticed a mummy priest
  1635 | D        | Noticed a mummy priest
  1635 | D        | Noticed a mummy priest
  1636 | D        | Noticed a death scarab
  1642 | D        | Killed a death scarab
  1645 | D        | Reached skill level 19 in Fighting
  1646 | D        | Killed a mummy priest
  1646 | D        | Reached skill level 15 in Armour
  1652 | D        | Killed a mummy priest
  1659 | D        | Killed a mummy priest
  1666 | D        | Found a transporter.
  1909 | D        | Got the amulet of Autotheism {Inacc rElec rPois Str+3}
  1924 | D        | Entered arena 15.
  1940 | D        | Noticed a cacodemon
  1940 | D        | Noticed Mugyver the pandemonium lord
  1940 | D        | Noticed a gelid black sun
  1940 | D        | Noticed a Hell Sentinel
  1940 | D        | Noticed an infernal warmonger
  1940 | D        | Noticed a monstrous demonspawn
  1941 | D        | Noticed Sontoala the pandemonium lord
  1941 | D        | Noticed Somyuh the pandemonium lord
  1941 | D        | Noticed an Executioner
  1943 | D        | Found a transporter.
  1944 | D        | Killed Urug
  1947 | D        | Reached XP level 13. HP: 45/136 MP: 15/20
  1947 | D        | Reached skill level 20 in Fighting
  1947 | D        | HP: 10/136 [Sontoala the pandemonium lord (35)]
  1950 | D        | Killed an Executioner
  1951 | D        | Killed a gelid black sun
  1953 | D        | Noticed a lorocyproca
  1953 | D        | Noticed a Hell Sentinel
  1953 | D        | HP: 13/141 [Sontoala the pandemonium lord (32)]
  1954 | D        | Noticed a cacodemon
  1954 | D        | HP: 5/141 [Mugyver the pandemonium lord/living lightning (8)]
  1954 | D        | The Shining One protects you from harm!
  1956 | D        | Killed Mugyver the pandemonium lord
  1956 | D        | Reached skill level 22 in Fighting
  1959 | D        | Killed a cacodemon
  1960 | D        | The Shining One protects you from harm!
  1961 | D        | Killed a Hell Sentinel
  1961 | D        | Reached skill level 23 in Fighting
  1961 | D        | HP: 14/148 [Sontoala the pandemonium lord (41)]
  1962 | D        | HP: 6/148 [Sontoala the pandemonium lord (9)]
  1963 | D        | Killed Somyuh the pandemonium lord
  1963 | D        | Killed an infernal warmonger
  1963 | D        | Reached skill level 24 in Fighting
  1963 | D        | Reached XP level 14. HP: 37/159 MP: 21/21
  1965 | D        | Killed Sontoala the pandemonium lord
  2029 | D        | Killed Prince Ribbit
  2039 | D        | Killed Blork the orc
  2260 | D        | Entered arena 16.
  2261 | D        | Noticed a deep elf sorcerer
  2261 | D        | Noticed a deep elf blademaster
  2261 | D        | Noticed a deep elf sorcerer
  2262 | D        | Noticed a deep elf sorcerer
  2265 | D        | Noticed a deep elf master archer
  2271 | D        | Killed a deep elf blademaster
  2274 | D        | HP: 4/160 [deep elf sorcerer/damnation (51)]
  2275 | D        | Killed from afar by a deep elf sorcerer

Skill      XL: |  1  2  3  4  5  6  7  8  9 10 11 12 13 14 |
---------------+-------------------------------------------+-----
Armour         | 6 8 10 12 15 20 21 | 21.5
Shields        | 8 9 11 13 14 15 | 15.1
Fighting       | 5 8 10 11 14 19 24 | 24.9
Invocations    | 3 6 8 9 11 15 | 15.1
Polearms       | 5 9 12 17 | 17.8
Dodging        | 6 10 | 10.1

Action                   |  1- 3 |  4- 6 |  7- 9 | 10-12 | 13-15 || total
-------------------------+-------+-------+-------+-------+-------++-------
Melee: Lance             |    14 |     5 |    94 |   140 |     5 ||   258
       Headbutt          |     1 |     2 |    16 |    44 |     2 ||    65
       Trishula          |       |       |     5 |    44 |     2 ||    51
Invok: Divine Shield     |       |       |     4 |     6 |     1 ||    11
       Cleansing Flame   |       |       |     2 |     9 |     8 ||    19
       Brand Weapon With |       |       |     1 |       |       ||     1
       Summon Divine War |       |       |       |     2 |     1 ||     3
  Use: Potion            |     4 |       |     3 |     7 |     8 ||    22
       Scroll            |       |       |     4 |       |       ||     4
  Eat: Chunk             |       |       |       |     2 |       ||     2
       Fruit             |       |       |       |     4 |     5 ||     9
Armor: Crystal plate arm |    24 |     1 |    14 |    47 |    38 ||   124
Dodge: Dodged            |     2 |       |     1 |     5 |     7 ||    15
Block: Shield            |     7 |     4 |    98 |   169 |    74 ||   352
       Reflection        |       |       |       |       |     1 ||     1
